[Event "Swiss Championship U14 2022"]
[Site "Biel"]
[Date "2022.07.19"]
[Round "4.3"]
[White "Malli, Suvirr"]
[Black "Scherler, Julius"]
[Result "1-0"]
[ECO "D00"]
[WhiteElo "1957"]
[BlackElo "1971"]
[Annotator "TA"]
[PlyCount "71"]
[EventDate "2022.07.18"]
[EventType "swiss"]
[EventCountry "SUI"]
[SourceTitle "playchess.com"]
[Source "ChessBase"]
[SourceQuality "1"]
[TimeControl "5400+30"]

1. d4 d5 2. Nc3 c6 3. Bf4 Nf6 4. e3 Bf5 5. f3 h5 6. Bd3 {[%emt 0:04:08] D00: 1 d4 d5: Unusual lines.} e6 (6... Bxd3 $11 {might be stronger.} 7. Qxd3 Nbd7) 7. Bxf5 (7. e4 $5 Bh7 8. Nge2 $14) 7... exf5 8. Qd3 {[%emt 0:01:08] White is slightly better.} g6 9. O-O-O Bd6 10. Bg5 Be7 {[%emt 0:04:27] [#]} 11. h4 $146 ({Predecessor:} 11. Bxf6 Bxf6 12. e4 fxe4 13. fxe4 Bg7 14. exd5 O-O 15. Nf3 Nd7 16. Rhe1 Nb6 17. dxc6 bxc6 {1-0 (34) Haserodt,J (2001)-Urban,R (1862) Bad Wiessee 2019}) 11... O-O {[%emt 0:05:17] [#]} (11... Nbd7 $14) 12. Nh3 (12. g4 $1 $16 ) 12... Re8 (12... Nbd7 $11) 13. Nf2 (13. Bxf6 $14 Bxf6 14. e4 fxe4 15. fxe4) 13... Nbd7 $11 14. Rdg1 (14. Kb1 $5 ) 14... c5 (14... Nh7 $11) 15. g4 $1 $14 cxd4 16. exd4 fxg4 17. fxg4 Nxg4 18. Bxe7 Qxe7 19. Nxg4 hxg4 20. Rxg4 Nf6 21. Rg5 {[%emt 0:05:23] [#] Black must now prevent h5. White is more active.} Ne4 ({Black should play} 21... Kg7) 22. Re5 $16 (22. Nxd5 $6 Qd6 23. Qf3 Rad8 $14) (22. Rxd5 $2 Nf2 23. Qf3 Nxh1 24. Qxh1 Qe3+ 25. Kd1 Rac8 $19) 22... Qd6 23. Nxe4 dxe4 24. Qxe4 Rxe5 25. dxe5 {[%emt 0:00:39][%mdl 4096] Endgame KQR-KQR} Qe6 ({Black should try} 25... Qc6 26. Qxc6 bxc6) 26. h5 {[%emt 0:03:52] aiming for hxg6.} Re8 $2 {[%emt 0:05:59] A mistake that costs the game.} (26... g5 $16 {might work better.}) 27. hxg6 $18 ({Don't take} 27. Qxb7 $6 Qxe5 28. Qxa7 (28. hxg6 $2 {leads to mate.} Qe3+ 29. Kd1 Rd8+) 28... Rb8 $16) 27... Qxg6 28. Qh4 Qg7 {[%emt 0:04:06] Inhibits Qh8+.} (28... Kf8 29. Kb1 Qe6) 29. e6 f5 30. Qf2 Rxe6 31. Qxf5 Rf6 (31... Rh6 $142 32. Qd5+ Kh8) 32. Qc8+ Rf8 33. Qe6+ Rf7 34. Rf1 Qg5+ 35. Kb1 Qd5 36. Qxd5 {[%emt 0:00:09] Weighted Error Value: White=0.16 (very precise) /Black=0.76} 1-0

[Event "Swiss Championship U14 2022"]
[Site "Biel"]
[Date "2022.07.19"]
[Round "4.4"]
[White "Gut, Lionel"]
[Black "Rappazzo, Johannes"]
[Result "0-1"]
[ECO "E75"]
[WhiteElo "1957"]
[BlackElo "1761"]
[Annotator "TA"]
[PlyCount "112"]
[EventDate "2022.07.18"]
[EventType "swiss"]
[EventCountry "SUI"]
[SourceTitle "playchess.com"]
[Source "ChessBase"]
[SourceQuality "1"]
[TimeControl "5400+30"]

1. d4 Nf6 2. c4 g6 3. Nc3 Bg7 4. e4 d6 5. Be2 O-O 6. Bg5 c5 7. d5 e6 8. Qd2 exd5 9. exd5 Qb6 10. Nf3 Bf5 11. Nh4 Ne4 12. Nxe4 Bxe4 13. f3 {[%emt 0:02:51] The position is equal.} h6 $1 (13... Qxb2 14. Rc1 $16) (13... Bxb2 14. Rd1 Bxd5 15. cxd5 $16) 14. Bf4 (14. Bxh6 {feels hotter.} Bxh6 15. Qxh6 Qxb2 16. O-O) 14... Bf6 (14... Qxb2 $11 {remains equal.} 15. Qxb2 Bxb2) 15. O-O (15. fxe4 Bxh4+ 16. g3 Bf6 $14) 15... Bxh4 (15... Qxb2 $142 16. fxe4 Qxd2 17. Bxd2 Bxh4) 16. fxe4 Bg5 17. Bxg5 hxg5 18. Bg4 {[%emt 0:06:32] Inhibits Nd7. Hoping for e5.} (18. Qxg5 Qxb2 19. Rae1 Qd4+ 20. Kh1 Na6 $11) 18... f6 (18... Qd8 $16 {is tougher.}) 19. Be6+ Kg7 {[%emt 0:00:00] [#]} 20. Rae1 $2 (20. h4 $1 $18 gxh4 21. Rf4) 20... Qd8 $11 21. e5 dxe5 22. Qe3 Na6 23. Rd1 Qd6 24. a3 Nc7 25. Bh3 b6 26. Rb1 Rh8 27. Rfd1 $2 (27. Bg4 $17) 27... Rh4 $19 28. b3 Rah8 29. Qg3 {[%emt 0:04:38] Against g4} Ne8 30. Re1 e4 31. Re3 $2 (31. b4) 31... f5 {[%emt 0:02:50][%cal Bf6f5,Bf5f4][%mdl 32] Threatens to win with ...f4.} 32. Rf1 f4 33. Qxg5 R8h5 34. Qxh4 Rxh4 35. Rxe4 Nf6 36. Re6 Qf8 {[%emt 0:00:24] ...Nh7 is the strong threat.} 37. Rfe1 g5 {[%emt 0:01:57][%cal Bg6g5,Bg5g4][%mdl 32] White must now prevent ...g4.} 38. R1e5 (38. Bf5 $142 Nxd5 39. Rg6+ Kh8 40. cxd5) 38... g4 39. Rg5+ Kh7 40. Rf5 {[%emt 0:00:19] [#]} Kg6 $1 41. Rxf4 {[%emt 0:00:00] [#]} Kg7 $1 42. d6 Qd8 ({Not} 42... gxh3 43. Rxh4 Ng8 44. Rg4+ (44. Rxh3 Qf4 $11) (44. gxh3 Qf3 $11) 44... Kh7 45. Rh4+ (45. gxh3 Qf3 $11) 45... Kg7 46. Rg4+ (46. Rxh3 Qf4 $11) (46. gxh3 Qf3 $11) 46... Kh7 47. Rh4+ (47. gxh3 Qf3 $11) 47... Kg7 $16) 43. a4 {[%emt 0:01:04] [#]} Kf7 $1 44. Re7+ (44. Bxg4 Rxg4) 44... Kg6 45. Re6 {[%emt 0:00:25] [#]} Kg5 $1 46. Rfxf6 (46. g3 Rxh3) 46... Qxf6 {[%emt 0:00:00] Black mates.} 47. Rxf6 Kxf6 48. Bxg4 Rxg4 {[%emt 0:00:00] KR-KP} 49. Kf2 Rd4 50. Ke3 Rxd6 51. g3 Kf5 52. h3 Rd1 53. g4+ Kg5 54. Ke4 Rh1 55. Ke5 Rxh3 56. Kd6 Kxg4 {[%emt 0:00:13] What a bad dream for White.  Weighted Error Value: White=0.78/Black=0.50} 0-1

[Event "Swiss Championship U14 2022"]
[Site "Biel"]
[Date "2022.07.19"]
[Round "4.5"]
[White "Haas, Anthony"]
[Black "Artan, Tamir"]
[Result "1-0"]
[ECO "E00"]
[WhiteElo "1638"]
[BlackElo "1590"]
[Annotator "NA RC COMBH"]
[PlyCount "97"]
[EventDate "2022.07.18"]
[EventType "swiss"]
[EventCountry "SUI"]
[SourceTitle "playchess.com"]
[Source "ChessBase"]
[SourceQuality "1"]
[TimeControl "5400+30"]

1. d4 Nf6 2. c4 e6 3. g3 Bb4+ 4. Bd2 Qe7 5. Bg2 d5 6. Nf3 c5 7. Bxb4 cxb4 8. O-O O-O 9. Nbd2 Bd7 10. Ne5 Nc6 11. Ndf3 Rfd8 12. e3 Na5 13. Nxd7 Rxd7 14. cxd5 Nxd5 15. Rc1 Rc7 16. Ne5 Rac8 17. Qd2 Nc4 18. Nxc4 Rxc4 19. Rxc4 Rxc4 20. Bxd5 exd5 21. Rc1 Qc7 22. Re1 a5 23. Re2 h6 24. b3 Rc1+ 25. Kg2 Qc3 26. Kf3 f5 27. Qxc3 bxc3 28. Kf4 Rd1 29. Rc2 Rd2 30. Rxc3 Rxf2+ 31. Ke5 a4 32. a3 b5 33. b4 Rb2 34. Kxd5 Rb3 35. Rc5 Rxa3 36. Rxb5 Rxe3 37. Ra5 Kf7 38. Rxa4 Re8 39. Ra7+ Kf6 40. b5 Rd8+ 41. Kc5 Rc8+ 42. Kd6 Rd8+ 43. Rd7 Rb8 44. Kc6 Ke6 45. Rxg7 Rd8 46. d5+ Ke5 47. b6 Rxd5 48. Re7+ Kd4 49. Rd7 1-0

[Event "Swiss Championship U14 2022"]
[Site "Biel"]
[Date "2022.07.19"]
[Round "4.6"]
[White "Gut, Raphael"]
[Black "Bruessow, Nina"]
[Result "1-0"]
[ECO "E74"]
[WhiteElo "1898"]
[BlackElo "1655"]
[Annotator "NA RC COMBH"]
[PlyCount "59"]
[EventDate "2022.07.18"]
[EventType "swiss"]
[EventCountry "SUI"]
[SourceTitle "playchess.com"]
[Source "ChessBase"]
[SourceQuality "1"]
[TimeControl "5400+30"]

1. d4 Nf6 2. c4 g6 3. Nc3 Bg7 4. e4 d6 5. Be2 O-O 6. Bg5 h6 7. Be3 c5 8. d5 e6 9. Qd2 exd5 10. exd5 Kh7 11. h3 Na6 12. Nf3 Re8 13. O-O Bf5 14. Bd3 Ne4 15. Nxe4 Bxe4 16. Bxe4 Rxe4 17. Qc2 Re8 18. Rae1 Rb8 19. Bf4 Rxe1 20. Rxe1 b5 21. b3 Qf6 22. Bg3 bxc4 23. bxc4 Rb7 24. a3 Rd7 25. Qa4 Nb8 26. Rb1 Rd8 27. Qxa7 Nd7 28. Rb7 Qe7 29. Qa5 Kg8 30. Bxd6 1-0

[Event "Swiss Championship U14 2022"]
[Site "Biel"]
[Date "2022.07.19"]
[Round "4.7"]
[White "Breyer, Thierry"]
[Black "Delangle, Alexander"]
[Result "1/2-1/2"]
[ECO "C54"]
[WhiteElo "1683"]
[BlackElo "1612"]
[Annotator "NA RC COMBH"]
[PlyCount "91"]
[EventDate "2022.07.18"]
[EventType "swiss"]
[EventCountry "SUI"]
[SourceTitle "playchess.com"]
[Source "ChessBase"]
[SourceQuality "1"]
[TimeControl "5400+30"]

1. e4 e5 2. Nf3 Nc6 3. Bc4 Bc5 4. c3 Nf6 5. d3 d6 6. a4 a5 7. Nbd2 O-O 8. O-O h6 9. h3 Be6 10. Bb3 Ne7 11. Re1 c6 12. Nh4 Rb8 13. Qf3 Ba7 14. Ba2 Nh7 15. Nf1 Qd7 16. Ng3 Bxa2 17. Rxa2 Qe6 18. Ra1 Qf6 19. Nhf5 Ng5 20. Qg4 Nxf5 21. Nxf5 Kh7 22. Be3 Bxe3 23. fxe3 g6 24. Nh4 Qe6 25. Qe2 f6 26. Rf1 Rf7 27. Kh2 Rbf8 28. g4 d5 29. exd5 Qxd5 30. e4 Qd6 31. Rad1 Ne6 32. Ng2 Kg7 33. Qe3 Rd8 34. h4 Nf8 35. Rf3 Qe6 36. Rg3 g5 37. Rf1 Ng6 38. h5 Nf4 39. Qd2 Rfd7 40. Rff3 c5 41. Qc2 b6 42. Ne3 Kh7 43. Nf5 c4 44. d4 Nd3 45. Rxd3 cxd3 46. Qxd3 1/2-1/2

[Event "Swiss Championship U14 2022"]
[Site "Biel"]
[Date "2022.07.19"]
[Round "4.8"]
[White "Guyer, Marlon"]
[Black "Gade, Niels Severin"]
[Result "1/2-1/2"]
[ECO "B90"]
[WhiteElo "1590"]
[BlackElo "1505"]
[Annotator "NA RC COMBH"]
[PlyCount "81"]
[EventDate "2022.07.18"]
[EventType "swiss"]
[EventCountry "SUI"]
[SourceTitle "playchess.com"]
[Source "ChessBase"]
[SourceQuality "1"]
[TimeControl "5400+30"]

1. e4 c5 2. Nf3 d6 3. d4 cxd4 4. Nxd4 Nf6 5. Nc3 a6 6. Be3 e5 7. Nb3 Be6 8. f4 Ng4 9. Bd2 exf4 10. Bxf4 Qf6 11. Qd2 Be7 12. O-O-O Nc6 13. h3 Nge5 14. Nd5 Bxd5 15. exd5 Nb8 16. g4 g5 17. Bg3 Nbd7 18. Bd3 Nxd3+ 19. Qxd3 Ne5 20. Bxe5 Qxe5 21. Rde1 Qf4+ 22. Qe3 Kd7 23. Rhf1 Qxe3+ 24. Rxe3 Rhf8 25. Nd4 f6 26. Ne6 Rg8 27. Rfe1 Rae8 28. Kd2 h6 29. Kd3 Bd8 30. Nd4 Re5 31. Rxe5 dxe5 32. Nf5 Be7 33. Ke4 Rc8 34. c3 Rc4+ 35. Kd3 Rc5 36. c4 b5 37. b3 bxc4+ 38. bxc4 Ra5 39. Nxh6 Rxa2 40. Ke4 Rh2 41. Re3 1/2-1/2

[Event "Swiss Championship U14 2022"]
[Site "Biel"]
[Date "2022.07.20"]
[Round "5.1"]
[White "Arsenie, Cristian Marc"]
[Black "Malli, Suvirr"]
[Result "1/2-1/2"]
[ECO "B90"]
[WhiteElo "2001"]
[BlackElo "1957"]
[Annotator "TA"]
[PlyCount "81"]
[EventDate "2022.07.18"]
[EventType "swiss"]
[EventCountry "SUI"]
[SourceTitle "playchess.com"]
[Source "ChessBase"]
[SourceQuality "1"]
[TimeControl "5400+30"]

1. e4 c5 2. Nc3 d6 3. Nf3 Nf6 4. d4 cxd4 5. Nxd4 a6 6. Qd3 {[%emt 0:00:12] B90: Sicilian Najdorf: Unusual White 6th moves, 6 Be3 Ng4 and 6 Be3 e5.} e5 7. Nf5 g6 8. Ne3 {[%emt 0:00:21] White is slightly better.} Be6 {[%emt 0:01:07] [#]} 9. Be2 $146 ({Predecessor:} 9. Qd1 Nbd7 10. Be2 Be7 11. O-O O-O 12. Ned5 Bxd5 13. Nxd5 Nxd5 14. Qxd5 Qc7 15. Bh6 {½-½ (46) Gadimbayli,A (2315)-Eynullayev,A (2274) Baku 2017}) 9... Nbd7 10. Ned5 Nxd5 11. Nxd5 Nc5 12. Qf3 {[%emt 0:01:31] Hoping for Nf6+.} Bxd5 13. exd5 Bg7 14. O-O O-O 15. c4 f5 16. Qa3 e4 17. f4 (17. Bf4 $11 {remains equal.}) 17... b5 18. Rb1 bxc4 19. Bxc4 a5 20. Be3 Rc8 21. Rfd1 g5 22. b3 (22. Be2 $11) 22... h6 (22... Bh6 $15 23. Qc1 gxf4 24. Bxf4 Nd3 25. Rxd3 Bxf4 26. Qxf4 exd3) 23. g3 gxf4 (23... Nd3 $5 24. Bxd3 exd3 25. Rxd3 Re8 $15) 24. Bxf4 Rf6 25. Qb2 Rg6 26. Qe2 Rg4 (26... Be5 $11 27. Qh5 Qf6 28. Bxe5 dxe5) 27. Rbc1 (27. Kh1 $16) 27... Qf6 (27... Bf6 $11) 28. Qg2 Nd3 29. Bxd3 {[%emt 0:02:46] A strong pair of Bishops.} Rxc1 30. Rxc1 exd3 31. Qf2 Qf7 (31... h5 $142) 32. Qf3 $16 Qa7+ (32... Bd4+ $16 {was called for.} 33. Kg2 Be5 34. Bxh6 Re4) 33. Kh1 $18 Qd4 {[%emt 0:02:01] [#]} 34. Rd1 $1 ({Inferior is} 34. Bxd6 d2 35. Rf1 Re4 36. Qxf5 d1=Q 37. Qc8+ Kh7 38. Qf5+ Kh8 39. Qc8+ Kh7 40. Qf5+ Kh8 41. Qc8+ {[#]} Re8 $3 42. Qxe8+ Kh7 43. Rxd1 Qxd1+ 44. Kg2 Qxd5+ 45. Kf2 Bd4+ 46. Ke2 Qxd6 47. Qf7+ Kh8 $17) 34... Be5 35. Rxd3 Qe4 36. Bxe5 (36. Bxh6 $18 {Kg2 is the strong threat.} a4 37. Kg2) 36... Qxe5 $11 37. Re3 Qa1+ (37... Re4 $11 {keeps the balance.} 38. Rxe4 fxe4) 38. Kg2 $16 Qxa2+ 39. Re2 Qb1 40. h3 (40. Re6 $16) 40... Re4 $11 41. Rxe4 {[%emt 0:00:15] Weighted Error Value: White=0.34/Black=0.24 (precise)} 1/2-1/2

[Event "Swiss Championship U14 2022"]
[Site "Biel"]
[Date "2022.07.20"]
[Round "5.2"]
[White "Rappazzo, Johannes"]
[Black "Mattenberger, Matthias"]
[Result "0-1"]
[ECO "B90"]
[WhiteElo "1761"]
[BlackElo "2005"]
[Annotator "TA"]
[PlyCount "86"]
[EventDate "2022.07.18"]
[EventType "swiss"]
[EventCountry "SUI"]
[SourceTitle "playchess.com"]
[Source "ChessBase"]
[SourceQuality "1"]
[TimeControl "5400+30"]

1. e4 c5 2. Nf3 d6 3. d4 cxd4 4. Nxd4 Nf6 5. Nc3 a6 6. Qf3 Nbd7 {[%emt 0:13:46] B90: Sicilian Najdorf: Unusual White 6th moves, 6 Be3 Ng4 and 6 Be3 e5.} 7. Be2 {[%emt 0:00:45] was the old line (7.h3).} Qb6 {[%emt 0:07:53] [#]} 8. Qe3 $146 ({Predecessor:} 8. Nb3 e6 9. g4 Qc7 10. g5 Ne5 11. Qh3 Nfd7 12. f4 Nc6 13. Be3 g6 14. O-O-O {1-0 (30) Fedorchuk,S (2665)-Panelo Munoz,M (2450) Barbera del Valles 2010}) 8... e5 {[%emt 0:04:01] The position is equal.} 9. Nb3 Qc7 10. g4 h6 11. Bd2 b5 12. O-O-O Nb6 {[%emt 0:01:28] Prevents Nd5.} 13. Nd5 (13. f4 $11) 13... Nbxd5 $17 14. exd5 Nxg4 15. Qg3 {[%emt 0:01:04] [#]} Bf5 16. c3 Nf6 $40 {[%emt 0:01:16][%mdl 128] Black goes for the king.} 17. f4 Ne4 (17... Nxd5 $17 18. Qg2 e4) 18. Qe3 (18. Qf3 $11 {remains equal.}) 18... Qa7 (18... Be7 $17 {And now ...b4 would win.} 19. fxe5 dxe5) 19. Qf3 (19. Bd3 $11) 19... g6 (19... Qf2 $17 {aiming for ...Qxf3.} 20. Be3 Qxf3 21. Bxf3 exf4) 20. Be3 (20. Bd3 $11 Nxd2 21. Rxd2 Bxd3 22. Rxd3) 20... Qc7 21. Bd2 exf4 {[%emt 0:03:30] Black is more active.} ({Black should try} 21... b4 $17 {...bxc3 is the strong threat.} 22. c4 Nxd2 23. Nxd2 Bg7 24. fxe5 Bxe5) 22. Bd3 $2 (22. Rhe1 $14 O-O-O 23. Bd3 Nxd2 24. Bxf5+ gxf5 25. Nxd2) 22... Nxd2 23. Rxd2 Bxd3 24. Re1+ {[%emt 0:00:30] [#] White does not recover from this.} (24. Rxd3 $17 Bg7 25. Re1+ Kf8 26. Qxf4) 24... Be7 $1 $19 25. Qxd3 {[%emt 0:02:22] Threatens to win with Rde2.} O-O 26. Rh1 (26. Nd4 $142 Bf6 27. Rg2) 26... Bf6 27. h4 Rae8 28. Qf3 Qc4 {[%emt 0:00:30] White must now prevent ...Re3.} 29. Nd4 $2 (29. Rf2) 29... Bxd4 30. Rxd4 Qxa2 31. Rxf4 Re2 32. Qxe2 Qa1+ {[%emt 0:00:09][%mdl 64] Skewer} 33. Kc2 Qxh1 {[%emt 0:00:04][%mdl 4096] Endgame KQR-KQR} 34. Rd4 Qh3 35. Qe7 Qh2+ 36. Kb3 (36. Rd2 $142 Qg3 37. Rd3 Qf2+ 38. Rd2) 36... a5 {[%emt 0:00:27] Strongly threatening ...a4+.} 37. Qb7 Qe2 38. Qb6 $2 (38. Qa6) 38... a4+ 39. Ka2 a3 40. Kxa3 Ra8+ 41. Kb3 {[%emt 0:00:05] [#]} Ra4 $1 42. Qxd6 $2 (42. Qc6 $19 Rxd4 43. cxd4) 42... Rxd4 43. cxd4 Qc4+ {[%emt 0:00:07] Weighted Error Value: White=0.70/Black=0.42} 0-1

[Event "Swiss Championship U14 2022"]
[Site "Biel"]
[Date "2022.07.20"]
[Round "5.3"]
[White "Breyer, Philippe"]
[Black "Haas, Anthony"]
[Result "1-0"]
[ECO "C42"]
[WhiteElo "1743"]
[BlackElo "1638"]
[Annotator "NA RC COMBH"]
[PlyCount "65"]
[EventDate "2022.07.18"]
[EventType "swiss"]
[EventCountry "SUI"]
[SourceTitle "playchess.com"]
[Source "ChessBase"]
[SourceQuality "1"]
[TimeControl "5400+30"]

1. e4 e5 2. Nf3 Nf6 3. Nxe5 d6 4. Nf3 Nxe4 5. Nc3 Nxc3 6. dxc3 Be7 7. Be3 O-O 8. Qd2 Nd7 9. O-O-O c6 10. h4 d5 11. h5 Nc5 12. h6 g6 13. c4 Ne4 14. Qe1 Be6 15. cxd5 cxd5 16. Nd4 Bg5 17. Bd3 Nc5 18. Kb1 Nxd3 19. Rxd3 Re8 20. Qd2 Bxe3 21. Rxe3 Qd7 22. Rhe1 Rac8 23. Qe2 Qa4 24. Nxe6 fxe6 25. Rxe6 Kf8 26. Qf3+ Kg8 27. Rxe8+ Rxe8 28. Qxd5+ Kf8 29. Rxe8+ Qxe8 30. Qf3+ Kg8 31. a3 Qe1+ 32. Ka2 Qe6+ 33. b3 1-0

[Event "Swiss Championship U14 2022"]
[Site "Biel"]
[Date "2022.07.20"]
[Round "5.4"]
[White "Scherler, Julius"]
[Black "Gut, Raphael"]
[Result "0-1"]
[ECO "B53"]
[WhiteElo "1971"]
[BlackElo "1898"]
[Annotator "TA"]
[PlyCount "96"]
[EventDate "2022.07.18"]
[EventType "swiss"]
[EventCountry "SUI"]
[SourceTitle "playchess.com"]
[Source "ChessBase"]
[SourceQuality "1"]
[TimeControl "5400+30"]

1. e4 c5 2. Nf3 d6 3. d4 cxd4 4. Qxd4 Nf6 5. Be2 Nc6 6. Qe3 {[%emt 0:00:31] B53: Sicilian: 2...d6: Lines with Qxd4.} g6 7. O-O Bg7 8. h3 {[%emt 0:00:53] White is slightly better.} Be6 9. Rd1 O-O 10. Nc3 Nd7 {[%emt 0:20:48] [#]} 11. b3 $146 ({White should try} 11. Nd5 $14) ({Predecessor:} 11. Nd5 Nc5 12. c3 Rc8 13. b3 Ne5 14. Nd4 Bd7 15. c4 e6 16. Nc3 a6 17. Bb2 {1-0 (44) Harikrishna,P (2725)-Sarana,A (2618) St Petersburg 2018}) 11... Qb6 $15 12. Qxb6 (12. Qd2 $1 $11 {keeps the balance.}) 12... Nxb6 13. Bb2 Nb4 14. e5 (14. Rab1 $142) 14... dxe5 $17 {[%emt 0:02:13] aiming for ...e4.} 15. Rac1 (15. Nb5 $17) 15... Bf5 {[%emt 0:00:00] White must now prevent ...Rac8.} 16. a3 Nc6 17. g4 Be6 18. Ng5 (18. a4 $17) 18... Bh6 $19 19. h4 (19. f4 $142) 19... Nd4 20. f3 f6 21. Nxe6 Bxc1 ({Not} 21... Nxe6 22. Rb1 $17) 22. Bxc1 Nxe6 23. a4 Rfd8 24. a5 Rxd1+ 25. Nxd1 Nd7 {[%emt 0:00:00] Threatens to win with ...Nd4.} 26. Bc4 Ndf8 27. Ba3 Kg7 28. Bxe7 Re8 29. Ba3 Nd4 30. Kf2 Nfe6 31. Ne3 Nf4 32. Bc5 Nc6 33. Bb5 a6 34. Ba4 Rd8 35. Ke1 Nd4 ({Wrong is} 35... Nxa5 $2 36. Bb6 Ra8 37. Bxa5) 36. Be7 $2 (36. Bb6 Rf8 37. Kf2) 36... Rc8 {[%emt 0:00:00] Black is clearly winning.} 37. g5 fxg5 38. hxg5 Nxc2+ 39. Nxc2 Rxc2 {[%emt 0:00:21][%mdl 4096] Endgame KRN-KB} 40. b4 Rb2 41. Bd7 Nd3+ 42. Kd1 Nxb4 43. Bf6+ Kf7 44. f4 Rb1+ 45. Kd2 exf4 {[%emt 0:01:12] [#] Strongly threatening ...f3.} 46. Ba4 Nd5 47. Kc2 Rb4 48. Bb3 {[%emt 0:00:00] [#]} Rxb3 $1 {[%emt 0:00:21] Weighted Error Value: White=0.63/Black=0.12 (very precise)} 0-1

[Event "Swiss Championship U14 2022"]
[Site "Biel"]
[Date "2022.07.20"]
[Round "5.5"]
[White "Gut, Lionel"]
[Black "Stoll, Arturo"]
[Result "1-0"]
[ECO "D31"]
[WhiteElo "1957"]
[BlackElo "1434"]
[Annotator "TA"]
[PlyCount "67"]
[EventDate "2022.07.18"]
[EventType "swiss"]
[EventCountry "SUI"]
[SourceTitle "playchess.com"]
[Source "ChessBase"]
[SourceQuality "1"]
[TimeControl "5400+30"]

1. d4 d5 2. c4 c6 3. Nc3 e6 4. e4 dxe4 5. Nxe4 Bb4+ 6. Nc3 Nf6 7. Be3 {[%emt 0:03:38] D31: Queen's Gambit Declined: Semi-Slav without ...Nf6 (+ Marshall Gambit and Noteboom) and Exchange Variation lines without ...Nf6.} Nbd7 8. Nf3 O-O 9. Bd3 {[%emt 0:11:31] [#] The position is equal.} c5 $146 (9... e5 $5 10. dxe5 Ng4 $11) ({Predecessor:} 9... Qa5 10. Qc2 e5 11. O-O Re8 12. Ne4 Nxe4 13. Bxe4 g6 14. Nh4 Qd8 15. Nxg6 hxg6 16. Bxg6 {0-1 (47) Biendara,M-Franco,V Ruhrgebiet 1998}) 10. O-O cxd4 11. Bxd4 Qe7 (11... b6 $11) 12. Re1 Rd8 13. a3 Bd6 (13... Bc5 $11) 14. Qc2 $1 $16 h6 15. Nb5 Bb8 16. Bc3 {[%emt 0:01:10] 0x0.001f23cecc07dp-1022s more active pieces.} (16. Rad1 $16) 16... Nc5 17. Bb4 ({White should try} 17. Rad1 $14) 17... a5 (17... b6 $5 ) 18. Bxc5 Qxc5 19. Rad1 {[%emt 0:00:16][%cal Od3h7] Strongly threatening Bh7+!} Bd7 20. Qc3 (20. Be4 $11 {keeps the balance.}) 20... Bxb5 $17 ({Don't play} 20... Ng4 $6 21. Qc2 $11 (21. Qd4 Qxd4 22. Nbxd4 e5 $15)) 21. cxb5 Bd6 (21... Qxc3 $17 22. bxc3 Bd6) 22. Qxc5 Bxc5 23. h3 b6 24. Ne5 Kf8 25. Nc6 Rd6 26. Bc2 Rxd1 27. Rxd1 Ke8 28. Kf1 a4 {[%emt 0:04:31] [#]} (28... Rc8 $11) 29. Bxa4 $1 $16 Nd5 {[%emt 0:00:30] [#]} (29... Bf8 $16 30. Rd3 Bc5) 30. Bb3 (30. Bc2 $1 $18) 30... Ne7 31. Bc2 ({Better is} 31. Ne5 $16) 31... Rc8 $2 (31... Nxc6 $1 $14 32. bxc6 Rd8) 32. Be4 {[%emt 0:00:09][%cal Bc2e4,Be4f3,Bf3h5][%mdl 32] b4 is the strong threat.} f5 33. Bf3 {[%emt 0:00:04] Black must now prevent b4.} Ng6 $2 (33... Nxc6 $16 34. Bxc6+ (34. bxc6 Rd8 $16) 34... Kf8) 34. Bh5 {[%emt 0:00:16] Weighted Error Value: White=0.28 (precise) /Black=0.57} 1-0

[Event "Swiss Championship U14 2022"]
[Site "Biel"]
[Date "2022.07.20"]
[Round "5.6"]
[White "Artan, Tamir"]
[Black "Breyer, Thierry"]
[Result "1-0"]
[ECO "B20"]
[WhiteElo "1590"]
[BlackElo "1683"]
[Annotator "NA RC COMBH"]
[PlyCount "73"]
[EventDate "2022.07.18"]
[EventType "swiss"]
[EventCountry "SUI"]
[SourceTitle "playchess.com"]
[Source "ChessBase"]
[SourceQuality "1"]
[TimeControl "5400+30"]

1. e4 c5 2. b3 d6 3. Bb2 Nc6 4. Bb5 e5 5. f4 Bd7 6. Bxc6 Bxc6 7. d3 Qe7 8. fxe5 dxe5 9. Nf3 f6 10. Nbd2 O-O-O 11. Qe2 g6 12. O-O-O Qc7 13. g4 Nh6 14. g5 Nf7 15. gxf6 Bh6 16. Kb1 Bf4 17. Nh4 Kb8 18. Rdf1 Bg5 19. Nhf3 Bf4 20. Nc4 Rhe8 21. Nh4 Re6 22. Ng2 Bg5 23. h4 Bxf6 24. Rf2 b5 25. Nce3 h5 26. Rhf1 Qe7 27. Ba3 b4 28. Bb2 Ka8 29. Nd5 Bxd5 30. exd5 Red6 31. Qe4 Rf8 32. Rxf6 Qxf6 33. Rxf6 Rxf6 34. d6+ Kb8 35. Bxe5 Nxd6 36. Qc6 Rf1+ 37. Kb2 1-0

[Event "Swiss Championship U14 2022"]
[Site "Biel"]
[Date "2022.07.20"]
[Round "5.7"]
[White "Delangle, Alexander"]
[Black "Guyer, Marlon"]
[Result "1-0"]
[ECO "C47"]
[WhiteElo "1612"]
[BlackElo "1590"]
[Annotator "NA RC COMBH"]
[PlyCount "51"]
[EventDate "2022.07.18"]
[EventType "swiss"]
[EventCountry "SUI"]
[SourceTitle "playchess.com"]
[Source "ChessBase"]
[SourceQuality "1"]
[TimeControl "5400+30"]

1. e4 e5 2. Nf3 Nc6 3. Nc3 Nf6 4. d4 exd4 5. Nxd4 Bb4 6. Nxc6 bxc6 7. Bd3 O-O 8. O-O Re8 9. Re1 d5 10. exd5 cxd5 11. Bd2 Be6 12. a3 Bf8 13. h3 c5 14. Bg5 c4 15. Bf1 Bc5 16. Qf3 d4 17. Rad1 Be7 18. Ne4 Nxe4 19. Bxe7 Rxe7 20. Qxe4 Rd7 21. Rd2 Rb8 22. Red1 Rxb2 23. Rxd4 Rbb7 24. Qxb7 Rxd4 25. Rxd4 Qxd4 26. Qb8+ 1-0

[Event "Swiss Championship U14 2022"]
[Site "Biel"]
[Date "2022.07.20"]
[Round "5.8"]
[White "Gade, Niels Severin"]
[Black "Bruessow, Nina"]
[Result "1/2-1/2"]
[ECO "B88"]
[WhiteElo "1505"]
[BlackElo "1655"]
[Annotator "NA RC COMBH"]
[PlyCount "73"]
[EventDate "2022.07.18"]
[EventType "swiss"]
[EventCountry "SUI"]
[SourceTitle "playchess.com"]
[Source "ChessBase"]
[SourceQuality "1"]
[TimeControl "5400+30"]

1. e4 c5 2. Nf3 d6 3. d4 cxd4 4. Nxd4 Nf6 5. Nc3 a6 6. Be3 e6 7. a4 Be7 8. Bc4 O-O 9. O-O Qc7 10. Bb3 Nc6 11. f4 Rb8 12. h3 Nxd4 13. Bxd4 e5 14. fxe5 dxe5 15. Be3 Bc5 16. Qf3 Qb6 17. Bxc5 Qxc5+ 18. Kh1 Qe7 19. Rf2 Be6 20. Nd5 Bxd5 21. exd5 b5 22. axb5 axb5 23. Ra6 Ra8 24. d6 Qd8 25. Rxa8 Qxa8 26. Qxa8 Rxa8 27. Rf5 e4 28. Rxb5 h6 29. Re5 Ra1+ 30. Kh2 Rd1 31. Re7 Rxd6 32. Rxf7 Kh7 33. Re7 Rd2 34. Ba4 Re2 35. b4 Nd5 36. Re5 Nxb4 37. Bd7 1/2-1/2